 Dungeon Crawl Stone Soup version 0.23.2-1-ga50397a (webtiles) character file.

Game seed: 1080781300841944238

23 troglodite the Charmwright (level 2, 0/24 HPs)
             Began as a Demigod Skald on May 20, 2019.
             Slain by a hobgoblin
             ... wielding a +0 club
              (2 damage)
             ... on level 1 of the Dungeon.
             The game lasted 00:01:02 (655 turns).

troglodite the Charmwright (Demigod Skald)           Turns: 655, Time: 00:01:02

Health: 0/24       AC:  3    Str: 14    XL:     2   Next: 54%
Magic:  7/7        EV: 12    Int: 17    God:
Gold:   28         SH:  0    Dex: 15    Spells: 3/4 levels left

rFire    . . .     SeeInvis .   a - +0 falchion
rCold    . . .     Gourm    .   (no shield)
rNeg     . . .     Faith    .   b - +0 leather armour
rPois    .         Spirit   .   (no helmet)
rElec    .         Reflect  .   (no cloak)
rCorr    .         Harm     .   (no gloves)
MR       .....                  (no boots)
Stlth    +.........             (no amulet)
HPRegen  0.08/turn              (no ring)
MPRegen  0.10/turn              (no ring)

@: no status effects
A: high mp 1
a: no special abilities


You were on level 1 of the Dungeon.
You were not hungry.

You visited 1 branch of the dungeon, and saw 1 of its levels.

You collected 28 gold pieces.

Inventory:

Hand Weapons
 a - a +0 falchion (weapon)
Armour
 b - a +0 leather armour (worn)
Scrolls
 c - a scroll of teleportation {unknown}
 e - a scroll of identify {unknown}
Comestibles
 d - 2 rations
 f - 5 chunks of flesh


   Skills:
 * Level 2.0 Fighting
 * Level 2.1 Long Blades
 * Level 1.1 Armour
 * Level 2.0 Dodging
 * Level 1.9 Spellcasting
 * Level 2.9 Charms


You had 3 spell levels left.
You knew the following spells:

 Your Spells              Type           Power        Failure   Level  Hunger
a - Infusion              Chrm           ##..         8%          1    #......

Your spell library contained the following spells:

 Spells                   Type           Power        Failure   Level  Hunger
 Song of Slaying          Chrm           ##......     11%         2    ###....
 Shroud of Golubria       Chrm/Tloc      #.........   21%         2    ###....
 Regeneration             Chrm/Necr      #.........   36%         3    ###....
 Spectral Weapon          Hex/Chrm       #.......     36%         3    ###....


Dungeon Overview and Level Annotations

Branches:
Dungeon (1/15)


Innate Abilities, Weirdness & Mutations

You have an increased reservoir of magic. (+10% MP)


Message History

The frilled lizard bites you.
You closely miss the frilled lizard.
The frilled lizard is severely wounded.
The hobgoblin misses you.
You riposte.
You barely miss the hobgoblin.
The hobgoblin is severely wounded.
The frilled lizard closely misses you. x2; The hobgoblin closely misses you.
You miss the frilled lizard.
The frilled lizard is severely wounded.
The frilled lizard bites you. The hobgoblin hits you with a +0 club.
* * * LOW HITPOINT WARNING * * *
You hit the frilled lizard.
You kill the frilled lizard!
Your leather armour prevents you from hitting the hobgoblin.
The hobgoblin is severely wounded.
The hobgoblin closely misses you.
You riposte.
You hit the hobgoblin.
You kill the hobgoblin!
The hobgoblin hits you with a +0 club.
* * * LOW HITPOINT WARNING * * *
The hobgoblin hits you with a +0 club.
You die...

##...#.###............#........#.
........#.......#######.#.#.####.
.....##...#.##### #.#...# #.
............# #.#...# ##.
.....###.#### #.#...# #..
.÷.)...#.# #.#.#.# #.. .....#.#.#
#.#.#.# #..
#.##÷#.#.##############.#.#.# #..
.......#.......)@.......#...# #..
....############g.....## #..
...... ......... +.. ....###
........## #.. ....# .........#
##. .... ..........# #.#... ....
.......##### #.#... #.......#
#....# #....#


You could see a hobgoblin.

Vanquished Creatures
  A dart slug (D:1)
  2 leopard geckos (D:1)
  3 bats (D:1)
  3 hobgoblins (D:1)
  A kobold (D:1)
  3 frilled lizards (D:1)
  2 goblins (D:1)
  4 rats (D:1)
19 creatures vanquished.

Notes
Turn   | Place    | Note
-------+----------+-------------------------------------------
     0 | D:1      | troglodite the Demigod Skald began the quest for the Orb.
     0 | D:1      | Reached XP level 1. HP: 17/17 MP: 5/5
   153 | D:1      | Reached skill level 1 in Armour
   226 | D:1      | Reached XP level 2. HP: 21/24 MP: 7/7
   655 | D:1      | Slain by a hobgoblin

Skill      XL: |  1  2 |
---------------+-------+-----
Armour         | 1 |  1.1
Fighting       | 2 |  2.0
Long Blades    | 2 |  2.1
Dodging        | 2 |  2.0
Spellcasting   | |  1.9
Charms         | |  2.9

Action                   || total
-------------------------++-------
Melee: Falchion          ||    60
Armor: Leather armour    ||    20
Dodge: Dodged            ||    57
       Rpst.: Falchion   ||    22
